 Dungeon Crawl Stone Soup version 0.20.1-1-g8b1a95d (webtiles) character file.

192 Jazqa the Skirmisher (level 5, -2/43 HPs)
             Began as a Demonspawn Fighter on Oct 25, 2017.
             Slain by an orc priest (3 damage)
             ... on level 3 of the Dungeon.
             The game lasted 00:03:03 (2294 turns).

Jazqa the Skirmisher (Demonspawn Fighter)           Turns: 2294, Time: 00:03:04

Health: -2/43      AC:  6    Str: 15 (17) XL:     5   Next: 42%
Magic:  5/5        EV:  6    Int:  7 (9)  God:
Gold:   114        SH:  8    Dex: 11 (13) Spells: 4/4 levels left

rFire    + . .     SeeInvis .   a - +0 war axe
rCold    + + .     Gourm    .   c - +0 shield
rNeg     . . .     Faith    +   b - +0 scale mail
rPois    +         Spirit   .   (no helmet)
rElec    +         Reflect  .   (no cloak)
rCorr    +         Harm     .   (no gloves)
MR       .....                  (no boots)
Stlth    ..........             H - amulet of faith {!P}
Regen    0.2/turn               (no ring)
MPRegen  0.1/turn               (no ring)

@: resistant
A: hooves 1, cold resistance 1, freezing cloud immunity
a: no special abilities


You were on level 3 of the Dungeon.
You were not hungry.

You visited 1 branch of the dungeon, and saw 4 of its levels.

You collected 114 gold pieces.


Innate Abilities, Weirdness & Mutations

You have large cloven feet.
Your flesh is cold resistant. (rC+)
You are immune to freezing clouds.


   Skills:
 + Level 4.6 Fighting
 + Level 4.0 Axes
 - Level 2.6 Armour
 - Level 2.6 Shields


You had 4 spell levels left.
You didn't know any spells.

Inventory:

Hand Weapons
 a - a +0 war axe (weapon)
Missiles
 r - a throwing net {=f}
Armour
 b - a +0 scale mail (worn)
 c - a +0 shield (worn)
Jewellery
 H - an amulet of faith (around neck) {!P}
Scrolls
 e - a scroll of enchant weapon {unknown}
 g - 2 scrolls of fear {unknown}
 h - a scroll of blinking {unknown}
 j - a scroll of recharging {unknown}
 k - a scroll of remove curse {unknown}
 m - 2 scrolls of identify {unknown}
Potions
 d - 2 potions of might
 p - a potion of cancellation
Comestibles
 f - 3 bread rations {@e1}
 i - 3 chunks of flesh
 n - 7 fruits {@e2}
 o - a meat ration {@e1}
 s - a royal jelly {@e3}

Dungeon Overview and Level Annotations

Branches:
Dungeon (4/15)
 Temple: D:4-7

Altars:
Hepliaklqana

........##.#.# #.#.##...# #
###.....##.#.###.#.##...# #
#.....##.#..##.#.##...# #
#.....##.##.##.#.##...# #
#.....##.##..#.#.##...###### #
###.....#..###.#.#.####......#
# ..'.....#.##
#...#...##......####
###....##.#
##o)###<##......#...
#....##.#####.@#
#.##......#.##
#....##.#....#.# #.##......#.#
###....##.#.##.#.#
#.##.)....#.#
........#.#.##.#.#
#.##......#.#
#######.#......#.#
#..'......'.#
........#<..####.#
####......###
######..#.######.## #......###
..................# #........#
################..# #........#


You could see an orc priest.


Message History

You slash the orc wizard! You kick the orc wizard.
You kill the orc wizard!
Your Axes skill increases to level 4!
You hit the orc priest but do no damage.
You block the orc priest's attack.
Unknown command.
You closely miss the orc priest.
The orc priest is lightly wounded.
The orc priest barely misses you.
The orc priest hits you but does no damage.
It was a potion of degeneration.
There was something very wrong with that liquid.
You feel weakened.
You feel dopey.
You feel clumsy. The orc priest barely misses you.
You hit the orc priest but do no damage.
The orc priest is lightly wounded.
The orc priest hits you but does no damage.
You hit the orc priest. You kick the orc priest.
The orc priest is severely wounded.
The orc priest barely misses you.
You hit the orc priest.
You kick the orc priest, but do no damage.
The orc priest is severely wounded.
The orc priest looks satisfied for a moment.
The orc priest hits you.
* * * LOW HITPOINT WARNING * * *
You closely miss the orc priest.
The orc priest is severely wounded.
The orc priest hits you.
You die...

Skill      XL: |  1  2  3  4  5 |
---------------+----------------+-----
Axes           | 2 3 4 |  4.0
Fighting       | 4 |  4.6
Armour         | |  2.6
Shields        | |  2.6

Action                   |  1- 3 |  4- 6 || total
-------------------------+-------+-------++-------
Melee: War axe           |   145 |    48 ||   193
       Kick              |    32 |    10 ||    42
  Use: Potion            |       |     3 ||     3
  Eat: Chunk             |     2 |     3 ||     5
Armor: Scale mail        |    72 |    21 ||    93
Dodge: Dodged            |    45 |    15 ||    60
Block: Shield            |    74 |    29 ||   103

Vault maps used:
D:1:      dpeg_arrival_round_c, serial_bayou_pond_a, minmay_misc_feat_nine_boxes
D:2:      marbit_many_paths, serial_curves, eino_curves_02, eino_curves_02
D:4:      kennysheep_the_goblin_king, temple_doors_e, first_bread,
          kennysheep_generic_room_14

Notes
Turn   | Place    | Note
-------+----------+-------------------------------------------
     0 | D:1      | Jazqa the Demonspawn Fighter began the quest for the Orb.
     0 | D:1      | Reached XP level 1. HP: 18/18 MP: 1/1
   103 | D:1      | Reached skill level 2 in Axes
   143 | D:1      | You feel monstrous as your demonic heritage exerts itself.
   143 | D:1      | Gained mutation: You have large cloven feet. [demonic ancestry]
   143 | D:1      | Reached XP level 2. HP: 14/24 MP: 2/2
   870 | D:2      | Gained mutation: Your flesh is cold resistant. (rC+) [demonic ancestry]
   870 | D:2      | Reached XP level 3. HP: 29/29 MP: 3/3
  1047 | D:2      | Found a hazy altar of Hepliaklqana.
  1394 | D:3      | Reached skill level 3 in Axes
  1563 | D:3      | Gained mutation: You are immune to freezing clouds. [demonic ancestry]
  1563 | D:3      | Reached XP level 4. HP: 36/37 MP: 4/4
  1586 | D:3      | Reached skill level 4 in Fighting
  2107 | D:3      | Reached XP level 5. HP: 42/43 MP: 5/5
  2287 | D:3      | Identified a potion of resistance
  2288 | D:3      | Reached skill level 4 in Axes
  2293 | D:3      | HP: 1/43 [orc priest (5)]
  2294 | D:3      | Slain by an orc priest

Vanquished Creatures
  2 orc wizards (D:3)
  An iguana (D:4)
  A hound skeleton (D:3)
  3 gnolls (D:3)
  2 dart slugs
  2 leopard geckos (D:2)
  3 orcs (D:3)
  3 giant cockroaches
  9 goblins
  8 hobgoblins
  4 jackals
  2 quokkas
  A ball python (D:1)
  7 bats
  5 frilled lizards
  4 kobolds
  5 rats
62 creatures vanquished.
